 Dungeon Crawl Stone Soup version 0.29.0-4-gdea44cf6ec (webtiles) character file.

Game seed: 4571761018305283046

16 qw the Firebug (level 2, 0/23 HPs)
             Began as a Ghoul Fire Elementalist on Aug 29, 2022.
             Slain by a worm (2 damage)
             ... on level 2 of the Dungeon.
             The game lasted 00:01:01 (1342 turns).

qw the Firebug (Ghoul Fire Elementalist)            Turns: 1342, Time: 00:01:02

Health: 0/23       AC:  6    Str: 11    XL:     2   Next: 58%
Magic:  3/3        EV:  8    Int: 10    God:
Gold:   74         SH:  0    Dex:  9    Spells: 3/4 levels left

rFire   + . .      SeeInvis .     - Unarmed
rCold   + . .      Faith    .   (no shield)
rNeg    + + +      Spirit   .   f - +0 scale mail
rPois   inf        Reflect  .   (no helmet)
rElec   .          Harm     .   (no cloak)
rCorr   .          Rampage  .   (no gloves)
Will    .....                   (no boots)
Stlth   ..........              (no amulet)
HPRegen 0.00/turn               c - ring of protection from fire
MPRegen 0.08/turn               (no ring)

@: inhibited regen
A: claws 1, cold resistance 1, negative energy resistance 3, inhibited
regeneration, torment resistance 2, devour on kill
a: no special abilities


You were on level 2 of the Dungeon.
You visited 1 branch of the dungeon, and saw 2 of its levels.

You collected 74 gold pieces.


Innate Abilities, Weirdness & Mutations

You are immune to poison.
You have sharp fingernails.
Your flesh is cold resistant. (rC+)
You are immune to negative energy. (rN+++)
You do not regenerate when monsters are visible.
You are immune to unholy pain and torment.
You thrive by killing the living.


   Skills:
 - Level 1.0 Fighting
 - Level 1.7 Dodging
 - Level 2.1 Stealth
 + Level 2.0 Unarmed Combat
 - Level 1.7 Spellcasting
 - Level 0.7 Conjurations
 - Level 2.4 Fire Magic


You had 3 spell levels left.
You knew the following spells:

 Your Spells              Type           Power      Damage    Failure   Level
a - Foxfire               Conj/Fire      16%        2x1d4     71%         1

Your spell library contained the following spells:

 Spells                   Type           Power      Damage    Failure   Level
 Scorch                   Fire           10%        2d6       75%         2
 Conjure Flame            Conj/Fire      4%         6-21      97%         3
 Inner Flame              Hex/Fire       3%         N/A       98%         3
 Flame Wave               Conj/Fire      4%         2d5       100%        4

Inventory:

Armour
 a - a +0 plate armour
 f - a +0 scale mail (worn)
Jewellery
 c - a ring of protection from fire (left claw)
Scrolls
 d - a scroll of silence {unknown}
 h - a scroll of identify
Potions
 b - a potion of brilliance {unknown}
 g - a potion of flight {unknown}

Dungeon Overview and Level Annotations

Branches:
Dungeon (2/15)

Altars:

Shops:
D:1 [


Message History

Your Unarmed Combat skill increases to level 2!
You barely miss the worm. You scratch the worm but do no damage.
The worm bites you!
You barely miss the worm. You scratch the worm.
The worm is moderately wounded.
The worm bites you.
You scratch the worm.
The worm is moderately wounded.
The worm bites you.
You scratch the worm.
The worm is moderately wounded.
You scratch the worm but do no damage.
The worm is moderately wounded.
The worm closely misses you.
You scratch the worm.
The worm is heavily wounded.
You scratch the worm but do no damage.
The worm is heavily wounded.
The worm bites you.
You scratch the worm but do no damage.
The worm is moderately wounded.
You scratch the worm but do no damage.
The worm is moderately wounded.
The worm bites you.
You scratch the worm.
The worm is heavily wounded.
You scratch the worm.
The worm is severely wounded.
The worm bites you.
You scratch the worm but do no damage.
The worm is severely wounded.
The worm barely misses you.
You scratch the worm.
The worm is almost dead.
You completely miss the worm.
The worm is almost dead.
The worm bites you.
You die...

###### ######.....
###############......###.
.......w@.......#######..
.......)######### #...
........# #.#. ......(.#
##.#. ........#
######.... .........
........## .........
##.....##. .........
.......... ..........
..........


You could see a worm.

Vanquished Creatures
  4 endoplasms (D:1)
  A giant cockroach (D:2)
  A goblin (D:2)
  A hobgoblin (D:1)
  2 quokkas
  2 bats (D:1)
  A frilled lizard (D:1)
  2 kobolds (D:1)
14 creatures vanquished.

Notes
Turn   | Place    | Note
-------+----------+-------------------------------------------
     0 | D:1      | qw the Ghoul Fire Elementalist began the quest for the Orb.
     0 | D:1      | Reached XP level 1. HP: 14/14 MP: 2/2
     0 | D:1      | 0 ||| qw: Version: 0.1-a-90-g952f4b7
     0 | D:1      | 0 ||| qw: Game counter: 3992
     0 | D:1      | 0 ||| qw: Always use a shield: true
     0 | D:1      | 0 ||| qw: God list: Okawaru
     0 | D:1      | 0 ||| qw: Allow faded altars: false
     0 | D:1      | 0 ||| qw: Do Orc after D:15 true
     0 | D:1      | 0 ||| qw: Do second Lair branch before Depths: true
     0 | D:1      | 0 ||| qw: Lair rune preference: random
     0 | D:1      | 0 ||| qw: Plans: Normal
     0 | D:1      | 0 ||| PLANNING D:1-11
   123 | D:1      | Found Uffireef's Armour Shop.
   132 | D:1      | 132 ||| SHOPLISTING +0 chain mail (49 gold, have 0).
   132 | D:1      | 132 ||| SHOPLISTING +0 leather armour (22 gold, have 0).
   132 | D:1      | 132 ||| SHOPLISTING +0 pair of boots of stealth (126 gold,
                  | have 0).
   132 | D:1      | 132 ||| SHOPLISTING +0 scale mail (44 gold, have 0).
   132 | D:1      | 132 ||| SHOPLISTING +1 helmet of intelligence (181 gold,
                  | have 0).
   132 | D:1      | 132 ||| SHOPLISTING +2 robe (139 gold, have 0).
   132 | D:1      | 132 ||| SHOPLISTING +3 chain mail of fire resistance (291
                  | gold, have 0).
   281 | D:1      | Reached skill level 1 in Unarmed Combat
   316 | D:1      | HP: 3/14 [quokka (2)]
   630 | D:1      | Reached XP level 2. HP: 22/22 MP: 3/3
   642 | D:1      | Reached skill level 1 in Fighting
   665 | D:1      | 665 ||| Stepping ~*~*~tactically~*~*~ (stealth).
   667 | D:1      | 667 ||| Stepping ~*~*~tactically~*~*~ (stealth).
   669 | D:1      | 669 ||| Stepping ~*~*~tactically~*~*~ (stealth).
   673 | D:1      | 673 ||| Stepping ~*~*~tactically~*~*~ (stealth).
   679 | D:1      | 679 ||| Stepping ~*~*~tactically~*~*~ (stealth).
   682 | D:1      | 682 ||| Stepping ~*~*~tactically~*~*~ (stealth).
   683 | D:1      | 683 ||| Stepping ~*~*~tactically~*~*~ (stealth).
  1047 | D:1      | 1047 ||| UPGRADING to +0 scale mail.
  1057 | D:1      | 1057 ||| DROPPING +0 robe.
  1058 | D:1      | 1058 ||| UPGRADING to ring of protection from fire.
  1059 | D:1      | 1059 ||| READING scroll labelled MOISCH XORAK.
  1060 | D:1      | 1060 ||| READING 2 scrolls labelled VOPEMY PYQUS.
  1061 | D:1      | 1061 ||| READING scroll labelled JYIRONW OTOR.
  1062 | D:1      | 1062 ||| DROPPING potion of magic.
  1324 | D:2      | 1324 ||| Stepping ~*~*~tactically~*~*~ (outnumbered).
  1337 | D:2      | HP: 4/23 [worm (2)]
  1342 | D:2      | Slain by a worm

Levels and vault maps discovered:
D:1:      elethiomel_arrival_shortcut, layout_basic, serial_shops, shop
D:2:      layout_rooms

Skill      XL: |  1  2 |
---------------+-------+-----
Unarmed Combat | 1 2 |  2.0
Fighting       | 1 |  1.0
Dodging        | |  1.7
Stealth        | |  2.1
Spellcasting   | |  1.7
Conjurations   | |  0.7
Fire Magic     | |  2.4

Action                   || total
-------------------------++-------
Melee: Unarmed           ||    83
       Punch             ||     1
  Use: Scroll            ||     3
Armor: Robe              ||     8
       Scale mail        ||     9
Dodge: Dodged            ||    37

Table legend:
 A = Non-vault XP
 B = Vault XP
 C = Vault XP percentage of total XP
 D = Non-vault monster count
 E = Vault monster count
 F = Vault count percentage of total count
                 A         B        C        D         E       F
            +---------+---------+-------+---------+---------+-------
      Total |      24 |       0 |   0.0 |      14 |       0 |   0.0
            +---------+---------+-------+---------+---------+-------
        D:1 |      18 |       0 |   0.0 |      11 |       0 |   0.0
        D:2 |       6 |       0 |   0.0 |       3 |       0 |   0.0
            +---------+---------+-------+---------+---------+-------
